 Dungeon Crawl Stone Soup version 0.31-a0-321-g19405a7a6a (webtiles) character file.

Game seed: 2328997886110048462

108 pokeman the Magician (level 4, 0/25 HPs)
             Began as a Deep Elf Hedge Wizard on July 17, 2023.
             Slain by a goblin
             ... wielding a +0 club
             ... led by Robin
              (1 damage)
             ... on level 4 of the Dungeon.
             The game lasted 00:06:18 (3230 turns).

pokeman the Magician (Deep Elf Hedge Wizard)        Turns: 3230, Time: 00:06:19

Health: 0/25       AC:  4    Str:  7    XL:     4   Next: 58%
Magic:  9/13       EV:  9    Int: 21    God:
Gold:   131        SH:  0    Dex: 14    Spells: 3/14 levels left

rFire   . . .        q - +0 flail (holy)
rCold   . . .        (no shield)
rNeg    . . .        b - +0 robe
rPois   .            m - +1 helmet
rElec   .            (no cloak)
rCorr   .            (no gloves)
SInv    .            (no boots)
Will    .....        (no amulet)
Stlth   ++           (no ring)
HPRegen 0.24/turn    (no ring)
MPRegen 0.13/turn

%: no passive effects
@: constricted
A: no striking features
a: no special abilities


You were on level 4 of the Dungeon.
You visited 1 branch of the dungeon, and saw 4 of its levels.

You collected 131 gold pieces.

Inventory:

Hand Weapons
 q - a +0 flail of holy wrath (weapon)
Armour
 b - a +0 robe (worn)
 m - a +1 helmet (worn)
Scrolls
 a - 2 scrolls of amnesia {unknown}
 c - 3 scrolls of identify {unknown}
 e - a scroll of immolation {unknown}
 f - a scroll of fog {unknown}
 j - a scroll of vulnerability {unknown}
 k - a scroll of silence {unknown}
 n - 2 scrolls of enchant armour {unknown}
 p - a scroll of teleportation {unknown}
Potions
 d - a potion of magic
 g - a potion of haste {unknown}
 h - 2 potions of attraction {unknown}
 i - a potion of berserk rage {unknown}
 l - 2 potions of ambrosia {unknown}
 o - a potion of enlightenment {unknown}
 r - a potion of brilliance {unknown}


   Skills:
 - Level 1.0 Fighting
 - Level 1.0 Armour
 + Level 2.8 Dodging
 + Level 2.8 Stealth
 * Level 5.8 Spellcasting
 + Level 2.3 Conjurations
 - Level 1.1 Summonings
 - Level 1.1 Translocations


You had 3 spell levels left.
You knew the following spells:

 Your Spells              Type           Power      Damage    Failure   Level
a - Magic Dart            Conj           60%        1d6       3%          1
b - Mephitic Cloud        Conj/Pois/Air  9%         N/A       22%         3
c - Call Imp              Summ           20%        N/A       10%         2
d - Blink                 Tloc           20%        N/A       10%         2
e - Stone Arrow           Conj/Erth      20%        3d8       19%         3

Your spell library contained the following spells:

 Spells                   Type           Power      Damage    Failure   Level
 Summon Small Mammal      Summ           40%        N/A       6%          1
 Sandblast                Erth           12%        2d6       10%         1
 Slow                     Hex            24%        N/A       10%         1
 Cigotuvi's Dreadful Rot  Necr/Pois/Air  12%        N/A       16%         2
 Passwall                 Tmut/Erth      5%         N/A       16%         2
 Call Canine Familiar     Summ           10%        N/A       19%         3
 Summon Guardian Golem    Hex/Summ       8%         N/A       24%         3


Dungeon Overview and Level Annotations

Branches:
Dungeon (4/15)
 Temple: D:4-7

Altars:

Shops:
D:4 *

Portals:
Ossuary: D:4

Annotations:
D:4 Eustachio, Ijyb, Pikel, Robin


Message History

The hobgoblin shouts!
The kobold shouts!
The goblin hits you but does no damage.
A goblin comes into view. It is wielding a +0 dagger.
Unknown command.
A goblin comes into view.
It is wielding a +1 dagger of protection.
The ball python closely misses you. The ball python grabs you.
The ball python constricts you.
Something hits the goblin zombie!
The goblin zombie is destroyed!
Unknown command.
You barely miss the goblin. The ball python bites you.
The ball python constricts you. Robin throws the goblin at you!
The goblin barely misses you.
A hobgoblin comes into view.
The goblin hits you but does no damage.
The orc hits you from afar with a +0 trident.
The ball python misses you. The ball python constricts you.
The hobgoblin barely misses you. The orc closely misses you.
The goblin hits you with a +0 dagger. The goblin barely misses you.
The hobgoblin moves out of view.
The goblin shouts!
You sock the goblin!
You kill the goblin!
The lemure seems less confused.
The ball python bites you. The ball python constricts you.
The hobgoblin barely misses you. The goblin hits you with a +0 dagger.
The orc hits you from afar with a +0 trident.
* * * LOW HITPOINT WARNING * * *
The goblin barely misses you. The goblin closely misses you.
The ball python closely misses you. The ball python constricts you.
You hit the goblin. Your punch misses the goblin.
The goblin is severely wounded.
The lemure dies!
The ball python closely misses you. The ball python constricts you.
* * * LOW HITPOINT WARNING * * *
The orc hits you from afar with a +0 trident.
* * * LOW HITPOINT WARNING * * *
The hobgoblin hits you.
* * * LOW HITPOINT WARNING * * *
The goblin barely misses you. x3; The goblin hits you with a +0 club.
You die...

..g...$ .##
...........## #. ..
..b.........# .##..
#..........###$...###
##....g..............##.
......Kg.......$........
.....ggo#.###...........
......gSgZ............#
.....gg@go5Z..........##
...b...g###g...#.......#
.......g....5..#<.g.....
........K.....@...5Z....
...........$.....##>.#..
##......)...K....# .#
#...............## #
..................
..........[....


You could see Pikel, a lemure, Ijyb (very drained), Robin, 2 orcs, 2 rat
zombies, 3 hobgoblins, 7 goblins, a ball python and a kobold.

Vanquished Creatures
  2 lemures (D:3)
  5 adders
  2 worms
  A dart slug (D:3)
  An orc (D:3)
  3 ball pythons (D:1)
  4 endoplasms
  3 giant cockroaches
  4 hobgoblins
  2 jackals (D:2)
  5 kobolds
  2 quokkas
  5 bats
  5 frilled lizards
  5 goblins
  A goblin zombie (D:4)
  A jackal zombie (D:4)
  6 rats
57 creatures vanquished.

Vanquished Creatures (collateral kills)
  A lemure (D:4)
1 creature vanquished.

Grand Total: 58 creatures vanquished

Notes
Turn   | Place    | Note
-------+----------+-------------------------------------------
     0 | D:1      | pokeman the Deep Elf Hedge Wizard began the quest for the
                  | Orb.
     0 | D:1      | Reached XP level 1. HP: 10/10 MP: 7/7
   191 | D:1      | Reached XP level 2. HP: 16/16 MP: 0/9
   941 | D:2      | Reached skill level 5 in Spellcasting
  1123 | D:2      | Found a faded altar of an unknown god.
  1155 | D:2      | Reached XP level 3. HP: 10/20 MP: 0/11
  1159 | D:2      | Learned a level 3 spell: Mephitic Cloud
  1162 | D:2      | Learned a level 2 spell: Call Imp
  1165 | D:2      | Learned a level 2 spell: Blink
  1355 | D:2      | Learned a level 3 spell: Stone Arrow
  1504 | D:2      | Reached skill level 1 in Fighting
  1504 | D:2      | Reached skill level 1 in Armour
  2215 | D:3      | Reached XP level 4. HP: 25/25 MP: 9/13
  2996 | D:4      | Noticed Ijyb
  2996 | D:4      | Noticed Pikel
  2996 | D:4      | Noticed a lemure
  2996 | D:4      | Noticed a lemure
  2997 | D:4      | Noticed Eustachio
  2997 | D:4      | Noticed a lemure
  2999 | D:4      | Noticed a lemure
  3005 | D:3      | Killed a lemure
  3123 | D:4      | Found Xujunyng's Assorted Antiques.
  3141 | D:3      | Killed a lemure
  3221 | D:4      | Found a sand-covered staircase.
  3225 | D:4      | Noticed Robin
  3230 | D:4      | Killed a lemure
  3230 | D:4      | HP: 1/25 [hobgoblin (1)]
  3230 | D:4      | Slain by a goblin

Illustrated notes

Levels and vault maps discovered:
D:1:      heliophobic_arrival_battle_scene, layout_rooms
D:2:      layout_basic, shapermc_ecumenical_altar_acropolis,
          chequers_serial_rivers_marsh
D:3:      layout_loops_corners
D:4:      layout_cave_pools, xom_butterflies, serial_shops,
          nicolae_shop_overgrown_old_shop, enter_ossuary_3,
          ebering_ghost_sewer_f, minmay_misc_feat_encased, uniq_eustachio,
          uniq_robin, uniq_ijyb, uniq_pikel

Skill      XL: |  1  2  3 |
---------------+----------+-----
Spellcasting   | 5 |  5.8
Fighting       | 1 |  1.0
Armour         | 1 |  1.0
Conjurations   | 2 |  2.3
Dodging        | |  2.8
Stealth        | |  2.8
Summonings     | |  1.1
Translocations | |  1.1

Action                     |  1- 3 |  4- 6 || total
---------------------------+-------+-------++-------
  Melee: Dagger            |     6 |       ||     6
         Flail             |     3 |    13 ||    16
   Cast: Magic Dart        |   103 |    36 ||   139
         Mephitic Cloud    |     1 |     5 ||     6
   Stab: Sleeping          |     2 |       ||     2
         Confused          |     1 |     2 ||     3
 Armour: Robe              |     1 |     4 ||     5
  Dodge: Dodged            |     6 |    22 ||    28

Table legend: (Time is in decaauts)
 A = Elapsed time spent in this place.
 B = Non-inter-level travel time spent in this place.
 C = Inter-level travel time spent in this place.
 D = Time resting spent in this place.
 E = Time spent auto-exploring this place.
 F = Levels seen in this place.
 G = Mean time per level.
                   A        B        C        D        E       F      G
               +--------+--------+--------+--------+--------+-----+--------+
         Total |   3240 |   3002 |    238 |    112 |   2511 |   4 |  810.0 |
       Dungeon |   3240 |   3002 |    238 |    112 |   2511 |   4 |  810.0 |
               +--------+--------+--------+--------+--------+-----+--------+

Top non-repeatable levels by time:
     D:3: 1425 daAuts
     D:1: 1017 daAuts
     D:2: 773 daAuts
     D:4: 25 daAuts
